 Dungeon Crawl Stone Soup version 0.29-a0-541-gaf1fc19f1b (webtiles) character file.

Game seed: 11828285264288008602

30 grumblor the Shooter (level 3, -2/18 HPs)
             Began as a Spriggan Hunter on June 3, 2022.
             Slain by Terence
             ... wielding the +7 Throatcutter {drain, coup de grace}
              (20 damage)
             ... on level 2 of the Dungeon.
             The game lasted 00:00:34 (886 turns).

grumblor the Shooter (Spriggan Hunter)               Turns: 886, Time: 00:00:34

Health: -2/18      AC:  2    Str:  7    XL:     3   Next: 3%
Magic:  4/4        EV: 18    Int: 10    God:
Gold:   27         SH:  0    Dex: 20    Spells: 2/2 levels left

rFire   . . .      SeeInvis +   a - +1 shortbow
rCold   . . .      Faith    .   (shield currently unavailable)
rNeg    . . .      Spirit   .   b - +0 robe
rPois   .          Reflect  .   (helmet restricted)
rElec   .          Harm     .   (no cloak)
rCorr   .          Rampage  .   (gloves unavailable)
Will    .....                   (boots unavailable)
Stlth   ++........              (no amulet)
HPRegen 0.06/turn               (no ring)
MPRegen 0.09/turn               (no ring)

@: very quick
A: very small, no large weapons, unfitting armour, see invisible, speed 3
a: no special abilities


You were on level 2 of the Dungeon.
You visited 1 branch of the dungeon, and saw 2 of its levels.

You collected 27 gold pieces.

Inventory:

Hand Weapons
 a - a +1 shortbow (weapon)
Armour
 b - a +0 robe (worn)
Scrolls
 c - a scroll of immolation
Potions
 d - a potion of curing
 e - a potion of mutation {unknown}


   Skills:
 + Level 1.7 Fighting
 * Level 5.8 Bows
 * Level 3.0 Dodging
 - Level 1.5 Stealth


You had 2 spell levels left.
You didn't know any spells.
Your spell library was empty.

Dungeon Overview and Level Annotations

Branches:
Dungeon (2/15)

Altars:

Shops:
D:1 !

Annotations:
D:2 Terence


Innate Abilities, Weirdness & Mutations

You are very small and have problems with some larger weapons.
You are too small for most types of armour.
You have supernaturally acute eyesight. (SInv)
You cover ground extremely quickly. (Speed+++)


Message History

Increase (S)trength, (I)ntelligence, or (D)exterity?
You feel agile. x2
Key pressed, stopping explore.
No target in view!
No target in view!
A giant cockroach comes into view.
A giant cockroach is nearby!
You shoot an arrow.
The arrow closely misses the giant cockroach.
You shoot an arrow. The arrow hits the giant cockroach.
The giant cockroach is heavily wounded.
A giant cockroach is nearby!
You shoot an arrow.
The arrow hits the giant cockroach but does no damage.
The giant cockroach is heavily wounded.
You shoot an arrow. The arrow hits the giant cockroach!
You kill the giant cockroach!
Key pressed, stopping explore.
Key pressed, stopping explore.
No target in view!
You see here a +0 whip.
Found 16 stones.
You see here 16 stones.
Terence the Incautious comes into view.
He is wielding the +7 Throatcutter {drain, coup de grace}.
You shoot an arrow. The arrow hits Terence!
Terence is moderately wounded.
No target in view!
Found a stone staircase leading up.
You shoot an arrow. The arrow barely misses Terence.
Terence is nearby!
You shoot an arrow. The arrow hits Terence.
Terence is severely wounded.
Terence barely misses you.
Terence is nearby!
You shoot an arrow. The arrow hits Terence.
Terence is almost dead.
Terence drinks a potion.
Terence goes berserk!
Terence hits you with the +7 Throatcutter {drain, coup de grace}!!
Ouch! That really hurt!
You die...

##.....## #<
##.^.....# #.
#...<..... ..
+......... ##.
#......... #..
##.......# #..##
##.....## #..@#
##...## #.#@# # ##+##
#.#.##.# #.# #......#
####.#### ###.####
#.......# #####.#####
#.#...#.# #......(..#
#........
#.###.###.####.....#.#
#...........#.##.#
#####.####.......#


You could see Terence (berserk).

Vanquished Creatures
  2 dart slugs (D:1)
  A bat (D:1)
  4 endoplasms (D:1)
  2 giant cockroaches
  3 goblins (D:1)
  2 hobgoblins (D:1)
  A quokka (D:1)
  A ball python (D:1)
  2 frilled lizards (D:1)
  4 kobolds
  A rat (D:1)
23 creatures vanquished.

Notes
Turn   | Place    | Note
-------+----------+-------------------------------------------
     0 | D:1      | grumblor the Spriggan Hunter began the quest for the Orb.
     0 | D:1      | Reached XP level 1. HP: 10/10 MP: 2/2
   119 | D:1      | Reached skill level 5 in Bows
   216 | D:1      | Reached XP level 2. HP: 14/14 MP: 3/3
   490 | D:1      | Found Epnui's Distillery.
   845 | D:2      | Reached XP level 3. HP: 18/18 MP: 4/4
   880 | D:2      | Noticed Terence
   886 | D:2      | Slain by Terence

Illustrated notes

Levels and vault maps discovered:
D:1:      dpeg_arrival_chambers_temple_mockup, layout_loops_ring, serial_shops,
          nicolae_lakefront_shop
D:2:      layout_loops_corners, basic_ecumenical_altar, uniq_terence

Skill      XL: |  1  2 |
---------------+-------+-----
Bows           | 5 |  5.8
Dodging        | 3 |  3.0
Fighting       | |  1.7
Stealth        | |  1.5

Action                   || total
-------------------------++-------
 Fire: Shortbow          ||    63
  Use: Scroll            ||     2
Armor: Robe              ||     2
Dodge: Dodged            ||    17

Table legend: (Time is in decaauts)
 A = Elapsed time spent in this place.
 B = Non-inter-level travel time spent in this place.
 C = Inter-level travel time spent in this place.
 D = Time resting spent in this place.
 E = Time spent auto-exploring this place.
 F = Levels seen in this place.
 G = Mean time per level.
                   A        B        C        D        E       F      G
               +--------+--------+--------+--------+--------+-----+--------+
         Total |    575 |    555 |     20 |      0 |    450 |   2 |  287.5 |
       Dungeon |    575 |    555 |     20 |      0 |    450 |   2 |  287.5 |
               +--------+--------+--------+--------+--------+-----+--------+

Top non-repeatable levels by time:
     D:1: 509 daAuts
     D:2: 65 daAuts
